 Dungeon Crawl Stone Soup version 0.29.1-1-gd02db6906a (webtiles) character file.

Game seed: 4725602069879351862

42 MisterFreud the Twirler (level 3, -1/27 HPs)
             Began as a Formicid Gladiator on Oct 1, 2022.
             Slain by a worm (9 damage)
             ... on level 2 of the Dungeon.
             The game lasted 00:01:19 (1408 turns).

MisterFreud the Twirler (Formicid Gladiator)        Turns: 1408, Time: 00:01:19

Health: -1/27      AC:  3    Str: 20    XL:     3   Next: 77%
Magic:  3/3        EV: 12    Int:  7    God:
Gold:   46         SH:  0    Dex: 15    Spells: 2/2 levels left

rFire   . . .      SeeInvis +   a - +0 quarterstaff
rCold   . . .      Faith    .   (no shield)
rNeg    . . .      Spirit   .   b - +0 leather armour
rPois   .          Reflect  .   (helmet unavailable)
rElec   .          Harm     .   (no cloak)
rCorr   .          Rampage  .   (no gloves)
Will    .....                   (no boots)
Stlth   +.........              (no amulet)
HPRegen 0.09/turn               (no ring)
MPRegen 0.08/turn               (no ring)

@: no status effects
A: permanent stasis, dig shafts and tunnels, antennae 3, four strong arms
a: Dig, Shaft Self


You were on level 2 of the Dungeon.
You visited 1 branch of the dungeon, and saw 2 of its levels.

You collected 46 gold pieces.

Inventory:

Hand Weapons
 a - a +0 quarterstaff (weapon)
Missiles
 c - 3 throwing nets (quivered)
 d - a javelin
 p - 4 boomerangs
Armour
 b - a +0 leather armour (worn)
 k - a +0 chain mail
Jewellery
 m - a ring of positive energy
Scrolls
 e - 2 scrolls of fog {unknown}
 g - a scroll of identify {unknown}
 i - a scroll of magic mapping {unknown}
 j - a scroll of brand weapon {unknown}
 o - 2 scrolls of teleportation {unknown}
Potions
 f - a potion of might {unknown}
 h - a potion of ambrosia {unknown}
 l - a potion of flight {unknown}
 n - 3 potions of curing {unknown}


   Skills:
 - Level 2.1 Fighting
 + Level 4.4 Staves
 - Level 2.0 Throwing
 - Level 2.6 Dodging


You had 2 spell levels left.
You didn't know any spells.
Your spell library contained the following spells:

 Spells                   Type           Power      Damage    Failure   Level
 Summon Small Mammal      Summ           0%         N/A       50%         1
 Call Canine Familiar     Summ           0%         N/A       86%         3
 Summon Guardian Golem    Hex/Summ       0%         N/A       86%         3


Dungeon Overview and Level Annotations

Branches:
Dungeon (2/15)

Altars:

Shops:
D:1 =

Annotations:
D:2 Sigmund


Innate Abilities, Weirdness & Mutations

You cannot be hasted, slowed, berserked, paralysed or teleported.
You can dig through walls and to a lower floor.
You have a pair of large antennae on your head. (SInv)
Your four strong arms can wield two-handed weapons with a shield.


Message History

You hit the endoplasm.
The endoplasm is heavily wounded.
The endoplasm freezes you.
You are frozen.
You hit the endoplasm.
The endoplasm is almost dead.
The endoplasm completely misses you.
You hit the endoplasm.
You kill the endoplasm!
A frilled lizard comes into view.
Found a stone staircase leading down.
The frilled lizard bites you but does no damage.
You sock the frilled lizard!
You kill the frilled lizard!
No target in view!
A bat comes into view.
A worm comes into view.
The bat closely misses you. The bat hits you but does no damage.
The bat barely misses you. The bat hits you.
You closely miss the bat. The bat barely misses you.
Found 2 lumpy ruby potions.
The bat closely misses you.
You hit the bat.
You kill the bat!
You barely miss the worm. The worm bites you.
You hit the worm but do no damage. The worm bites you.
You hit the worm.
The worm is lightly wounded.
You barely miss the worm.
The worm is lightly wounded.
The worm bites you!
You barely miss the worm.
The worm is lightly wounded.
The worm bites you.
* * * LOW HITPOINT WARNING * * *
You are too injured to fight recklessly!
You hit the worm.
The worm is lightly wounded.
The worm bites you!
You die...

###........##.##..#
###..###.....♣.♣.
#....####...... ####
#....# ###♣.♣# ....!
#....# #......
.....#####....# #..♣.♣.
..............# #..#.#.
..............####..#.#.
......†@............#...
###.#..w......#..##..#.#
# #.........♣.♣.##...#
#.........# #.......
#.....#.♣#♣.♣.♣.....
#.....#... .........
#.....##♣#♣#♣#♣###.#
......# ######.#
#.......


You could see a worm.

Vanquished Creatures
  2 adders (D:2)
  A dart slug (D:1)
  2 bats (D:2)
  2 endoplasms (D:2)
  A giant cockroach (D:1)
  3 goblins
  2 hobgoblins
  2 ball pythons
  2 frilled lizards
  4 kobolds
  A rat (D:1)
22 creatures vanquished.

Notes
Turn   | Place    | Note
-------+----------+-------------------------------------------
     0 | D:1      | MisterFreud the Formicid Gladiator began the quest for the
                  | Orb.
     0 | D:1      | Reached XP level 1. HP: 16/16 MP: 1/1
    11 | D:1      | Found a faded altar of an unknown god.
   445 | D:1      | Found Otanionk's Jewellery Emporium.
   464 | D:1      | Reached XP level 2. HP: 22/22 MP: 2/2
   820 | D:2      | Reached skill level 4 in Staves
   820 | D:2      | Reached XP level 3. HP: 12/27 MP: 3/3
  1026 | D:2      | Noticed Sigmund
  1408 | D:2      | Slain by a worm

Illustrated notes

Levels and vault maps discovered:
D:1:      tarquinn_simple_flora_water_e, layout_loops_ring,
          chequers_ecumenical_altar_island, serial_shops, shop_fountains
D:2:      layout_basic, serial_forest, infiniplex_forest_straight_1,
          infiniplex_forest_lined_corner, infiniplex_forest_clump_curved,
          infiniplex_forest_corner_1, infiniplex_forest_lined_3_way,
          infiniplex_forest_clump_tiny, infiniplex_forest_straight_5,
          infiniplex_forest_lined_1, minmay_bisected, uniq_sigmund

Skill      XL: |  1  2 |
---------------+-------+-----
Staves         | 4 |  4.4
Fighting       | |  2.1
Throwing       | |  2.0
Dodging        | |  2.6

Action                   || total
-------------------------++-------
Melee: Quarterstaff      ||    66
       Punch             ||     2
Armor: Leather armour    ||    16
Dodge: Dodged            ||    45
